FSL
BREVARD COUNTY MANATEES @ CLEARWATER THRESHERS
07/08/2098
 
TOP OF THE 1ST
Brevard County Manatees batting - Pitching for Clearwater Threshers : RHP Willie Ordonez
Pitching: RHP Willie Ordonez
Batting: LHB Travis Konikowski 0-0: Ball
1-0: Foul Ball, location: 5F
1-1: Called Strike
1-2: Ball
2-2: Ball
3-2: Strikes out swinging
Batting: SHB Mike Dominguez 0-0: Ground out 4-3 (Groundball, 4S, EV 68.8 MPH)
Batting: RHB T.J. Ramer 0-0: SINGLE (Line Drive, 6D, EV 98.1 MPH)
Batting: SHB Hector Fuentes 0-0: Swinging Strike
0-1: Ball
1-1: Ground out 4-3 (Groundball, 4, EV 84.4 MPH)
Top of the 1st over - 0 runs, 1 hit, 0 errors, 1 left on base; Brevard County 0 - Clearwater 0
BOTTOM OF THE 1ST
Clearwater Threshers batting - Pitching for Brevard County Manatees : RHP Francisco Cruz
Pitching: RHP Francisco Cruz
Batting: RHB John Pierce 0-0: Ball
1-0: Called Strike
1-1: Ball
2-1: Ball
3-1: Foul Ball, location: 2F
3-2: Ground out 5-3 (Groundball, 56S, EV 85.6 MPH)
Batting: RHB Pete Arden 0-0: Foul Ball, location: 9LSF
0-1: Fly out, F5 (Popup, 5SF, EV 78.8 MPH)
Batting: LHB Isaiah Flagg 0-0: Foul Ball, location: 7LDF
0-1: Ball
1-1: Swinging Strike
1-2: Ball
2-2: Ball
3-2: Fly out, F8 (Flyball, 8LD, EV 93.1 MPH)
Bottom of the 1st over - 0 runs, 0 hits, 0 errors, 0 left on base; Brevard County 0 - Clearwater 0
TOP OF THE 2ND
Brevard County Manatees batting - Pitching for Clearwater Threshers : RHP Willie Ordonez
Batting: RHB Brian Monte 0-0: Ball
1-0: Fly out, F7 (Flyball, 78D, EV 103.1 MPH)
Batting: LHB Alex Montes de Oca 0-0: Called Strike
0-1: Ball
1-1: Called Strike
1-2: Ball
2-2: Ball
3-2: DOUBLE (Line Drive, 78D, EV 98.8 MPH)
Batting: RHB Diego Hinojosa 0-0: Ball
1-0: Ground out 6-3 (Groundball, 6, EV 105.6 MPH)
Alex Montes de Oca to third
Batting: RHB David Jensen 0-0: Called Strike
0-1: Called Strike
0-2: Foul Ball, location: 2F
0-2: Ball
1-2: Hit by Pitch
Batting: RHB Alex Lopez 0-0: Called Strike
0-1: Swinging Strike
0-2: Foul Ball, location: 3DF
0-2: Ball
1-2: Strikes out swinging
Top of the 2nd over - 0 runs, 1 hit, 0 errors, 2 left on base; Brevard County 0 - Clearwater 0
BOTTOM OF THE 2ND
Clearwater Threshers batting - Pitching for Brevard County Manatees : RHP Francisco Cruz
Batting: LHB Arturo Diaz 0-0: Called Strike
0-1: Called Strike
0-2: Ball
1-2: Ball
2-2: Strikes out swinging
Batting: RHB George Cantrelle 0-0: Ball
1-0: Ball
2-0: Ball
3-0: Base on Balls
Batting: LHB Keith Ballinger 0-0: Fly out, F2 (Popup, 25F, EV 84.4 MPH)
Batting: RHB Dan Williams 0-0: Ball
1-0: Ball
2-0: Ball
3-0: Base on Balls
George Cantrelle to second
Batting: RHB Jose Mendez 0-0: Ball
1-0: Ground out 4-3 (Groundball, 4M, EV 108.8 MPH)
Bottom of the 2nd over - 0 runs, 0 hits, 0 errors, 2 left on base; Brevard County 0 - Clearwater 0
TOP OF THE 3RD
Brevard County Manatees batting - Pitching for Clearwater Threshers : RHP Willie Ordonez
Batting: LHB Travis Konikowski 0-0: Called Strike
0-1: Foul Ball, location: 2F
0-2: Ground out 4-3 (Groundball, 4M, EV 84.4 MPH)
Batting: SHB Mike Dominguez 0-0: Called Strike
0-1: Ground out 4-3 (Groundball, 4, EV 89.4 MPH)
Batting: RHB T.J. Ramer 0-0: Ball
1-0: Foul Ball, location: 9LDF
1-1: Called Strike
1-2: Ball
2-2: SINGLE (Groundball, 56S, EV 69.4 MPH) (infield hit)
Batting: SHB Hector Fuentes 0-0: Ball
T.J. Ramer steals 2nd base
1-0: Ball
2-0: Ball
3-0: Base on Balls
Batting: RHB Brian Monte 0-0: Called Strike
0-1: Ground out 6-3 (Groundball, P, EV 85.0 MPH)
Top of the 3rd over - 0 runs, 1 hit, 0 errors, 2 left on base; Brevard County 0 - Clearwater 0
BOTTOM OF THE 3RD
Clearwater Threshers batting - Pitching for Brevard County Manatees : RHP Francisco Cruz
Batting: RHB Melvin Hanks 0-0: Called Strike
0-1: Foul Ball, location: 2F
0-2: Ball
1-2: Foul Ball, location: 5F
1-2: Strikes out swinging
Batting: RHB John Pierce 0-0: Ball
1-0: Ball
2-0: Called Strike
2-1: Foul Ball, location: 2F
2-2: Fly out, F9 (Flyball, 9LSF, EV 93.8 MPH)
Batting: RHB Pete Arden 0-0: Called Strike
0-1: Called Strike
0-2: Fly out, F4 (Popup, 4, EV 54.4 MPH)
Bottom of the 3rd over - 0 runs, 0 hits, 0 errors, 0 left on base; Brevard County 0 - Clearwater 0
TOP OF THE 4TH
Brevard County Manatees batting - Pitching for Clearwater Threshers : RHP Willie Ordonez
Batting: LHB Alex Montes de Oca 0-0: Ball
1-0: Ball
2-0: Foul Ball, location: 2F
2-1: Ball
3-1: Called Strike
3-2: Ground out 4-3 (Groundball, 4, EV 80.6 MPH)
Batting: RHB Diego Hinojosa 0-0: Ground out 4-3 (Groundball, 4, EV 83.1 MPH)
Batting: RHB David Jensen 0-0: Fly out, F8 (Flyball, 8LS, EV 83.8 MPH)
Top of the 4th over - 0 runs, 0 hits, 0 errors, 0 left on base; Brevard County 0 - Clearwater 0
BOTTOM OF THE 4TH
Clearwater Threshers batting - Pitching for Brevard County Manatees : RHP Francisco Cruz
Batting: LHB Isaiah Flagg 0-0: Ball
1-0: Ball
2-0: Fly out, F9 (Line Drive, 9S, EV 88.1 MPH)
Batting: LHB Arturo Diaz 0-0: Ball
1-0: Foul Ball, location: 2F
1-1: Foul Ball, location: 7LSF
1-2: Ball
2-2: Ball
3-2: Base on Balls
Batting: RHB George Cantrelle 0-0: Called Strike
0-1: Called Strike
0-2: Ball
1-2: Fielders Choice at 2nd, 1-6 (Groundball, 34S, EV 67.5 MPH)
Batting: LHB Keith Ballinger 0-0: Swinging Strike
0-1: Swinging Strike
0-2: Ball
1-2: SINGLE (Groundball, 6MD, EV 106.9 MPH)
George Cantrelle to second
Runner from 2nd tries for 3rd, SAFE, no throw by CF
Batting: RHB Dan Williams 0-0: Called Strike
0-1: Ground out 4-3 (Groundball, 34S, EV 83.1 MPH)
Bottom of the 4th over - 0 runs, 1 hit, 0 errors, 2 left on base; Brevard County 0 - Clearwater 0
TOP OF THE 5TH
Brevard County Manatees batting - Pitching for Clearwater Threshers : RHP Willie Ordonez
Batting: RHB Alex Lopez 0-0: Foul Ball, location: 5FF
0-1: Fly out, F5 (Popup, 5D, EV 55.0 MPH)
Batting: LHB Travis Konikowski 0-0: Swinging Strike
0-1: Ground out 6-3 (Groundball, 6, EV 103.8 MPH)
Batting: SHB Mike Dominguez 0-0: Ball
1-0: Ball
2-0: Fly out, F3 (Popup, 3SF, EV 86.9 MPH)
Top of the 5th over - 0 runs, 0 hits, 0 errors, 0 left on base; Brevard County 0 - Clearwater 0
BOTTOM OF THE 5TH
Clearwater Threshers batting - Pitching for Brevard County Manatees : RHP Francisco Cruz
Batting: RHB Jose Mendez 0-0: Ball
1-0: DOUBLE (Line Drive, 9LM, EV 110.6 MPH)
Batting: RHB Melvin Hanks 0-0: Ball
1-0: Ball
2-0: Called Strike
2-1: Sac Bunt to 13S - play at first, batter OUT! 1-3
Jose Mendez to third
Batting: RHB John Pierce 0-0: Called Strike
0-1: Called Strike
0-2: Ball
1-2: Ball
2-2: Foul Ball, location: 2F
2-2: Fly out, F8 (Flyball, 8LM, EV 89.4 MPH)
Runner from 3rd tags up, SCORES, throw by CF
Batting: RHB Pete Arden 0-0: Ball
1-0: Called Strike
1-1: Swinging Strike
1-2: Foul Ball, location: 2F
1-2: Foul Ball, location: 2F
1-2: Foul Ball, location: 2RF
1-2: Ball
2-2: Strikes out looking
Bottom of the 5th over - 1 run, 1 hit, 0 errors, 0 left on base; Brevard County 0 - Clearwater 1
TOP OF THE 6TH
Brevard County Manatees batting - Pitching for Clearwater Threshers : RHP Willie Ordonez
Batting: RHB T.J. Ramer 0-0: Foul Ball, location: 2F
0-1: Ball
1-1: SINGLE (Line Drive, 9LS, EV 91.3 MPH)
Batting: SHB Hector Fuentes 0-0: Ball
1-0: Called Strike
1-1: Ball
T.J. Ramer steals 2nd base
2-1: Ball
3-1: Foul Ball, location: 2F
3-2: Base on Balls
Batting: RHB Brian Monte 0-0: Fly out, F9 (Line Drive, 9D, EV 101.3 MPH)
Runner from 2nd tags up, SAFE at 3rd, no throw by RF
Batting: LHB Alex Montes de Oca 0-0: Ball
Wild Pitch!
T.J. Ramer scores
Hector Fuentes to second
1-0: 2-RUN HOME RUN (Flyball, 9LD, EV 91.9 MPH), Distance : 334 ft
Batting: RHB Diego Hinojosa 0-0: Foul Ball, location: 25FF
0-1: Ball
1-1: Fly out, F7 (Flyball, 7, EV 83.8 MPH)
Batting: RHB David Jensen 0-0: Called Strike
0-1: SINGLE (Line Drive, 9LS, EV 93.1 MPH)
Batting: RHB Alex Lopez 0-0: Ball
1-0: Called Strike
1-1: Ball
2-1: Swinging Strike
2-2: Strikes out looking
Top of the 6th over - 3 runs, 3 hits, 0 errors, 1 left on base; Brevard County 3 - Clearwater 1
BOTTOM OF THE 6TH
Clearwater Threshers batting - Pitching for Brevard County Manatees : RHP Francisco Cruz
Batting: LHB Isaiah Flagg 0-0: Ball
1-0: Ball
2-0: Ball
3-0: Fly out, F3 (Popup, 23F, EV 83.1 MPH)
Batting: LHB Arturo Diaz 0-0: Ball
1-0: Ground out 6-3 (Groundball, 6, EV 104.4 MPH)
Batting: RHB George Cantrelle 0-0: Ball
1-0: Foul Ball, location: 2F
1-1: Fly out, F9 (Flyball, 9LM, EV 103.8 MPH)
Bottom of the 6th over - 0 runs, 0 hits, 0 errors, 0 left on base; Brevard County 3 - Clearwater 1
TOP OF THE 7TH
Brevard County Manatees batting - Pitching for Clearwater Threshers : RHP Willie Ordonez
Batting: LHB Travis Konikowski 0-0: Ball
1-0: Called Strike
1-1: Foul Ball, location: 5F
1-2: Strikes out swinging
Batting: SHB Mike Dominguez 0-0: Foul Ball, location: 2F
0-1: Ball
1-1: Called Strike
1-2: Foul Ball, location: 9LDF
1-2: DOUBLE (Line Drive, 7LS, EV 97.5 MPH)
Batting: RHB T.J. Ramer 0-0: Called Strike
0-1: Ball
1-1: Fly out, F9 (Line Drive, 89M, EV 86.3 MPH)
Batting: SHB Hector Fuentes 0-0: Ball
1-0: Foul Ball, location: 3F
1-1: Foul Ball, location: 7LDF
1-2: Ball
2-2: Foul Ball, location: 2F
2-2: Foul Ball, location: 5F
2-2: Ground out 6-3 (Groundball, 6, EV 92.5 MPH)
Top of the 7th over - 0 runs, 1 hit, 0 errors, 1 left on base; Brevard County 3 - Clearwater 1
BOTTOM OF THE 7TH
Clearwater Threshers batting - Pitching for Brevard County Manatees : RHP Francisco Cruz
Batting: LHB Keith Ballinger 0-0: Ball
1-0: Called Strike
1-1: Called Strike
1-2: Fly out, F9 (Flyball, 89D, EV 85.0 MPH)
Pitching: RHP Frank Davila
Batting: RHB Dan Williams 0-0: Ground out 6-3 (Groundball, 6, EV 81.9 MPH)
Batting: RHB Jose Mendez 0-0: Foul Ball, location: 2F
0-1: Swinging Strike
0-2: Ball
1-2: SINGLE (Line Drive, 4M, EV 103.1 MPH)
Pinch Hitting: LHB Omar Buena 0-0: Ball
1-0: Foul Ball, location: 23F
1-1: Swinging Strike
1-2: Ball
2-2: Ball
3-2: Strikes out swinging
Bottom of the 7th over - 0 runs, 1 hit, 0 errors, 1 left on base; Brevard County 3 - Clearwater 1
TOP OF THE 8TH
Brevard County Manatees batting - Pitching for Clearwater Threshers : RHP Willie Ordonez
Pitching: RHP Daniel Flores
Now at 3B: Juan Diaz
Now at SS: Jose Mendez
Batting: RHB Brian Monte 0-0: Called Strike
0-1: Swinging Strike
0-2: Ball
1-2: Ball
2-2: Strikes out swinging
Batting: LHB Alex Montes de Oca 0-0: Foul Ball, location: 7LSF
0-1: Ball
1-1: Ball
2-1: Foul Ball, location: 25F
2-2: Foul Ball, location: 3F
2-2: Foul Ball, location: 2F
2-2: Ball
3-2: Foul Ball, location: 2F
3-2: Foul Ball, location: 2F
3-2: Fly out, F6 (Popup, 6, EV 72.5 MPH)
Batting: RHB Diego Hinojosa 0-0: SINGLE (Line Drive, 4D, EV 98.8 MPH)
Batting: RHB David Jensen 0-0: Ball
Wild Pitch!
Diego Hinojosa to second
1-0: Foul Ball, location: 5F
1-1: Called Strike
1-2: Foul Ball, location: 3F
1-2: Ball
2-2: Foul Ball, location: 9LSF
2-2: Hit by Pitch
Batting: RHB Alex Lopez 0-0: Ball
1-0: Ball
2-0: Foul Ball, location: 23F
2-1: Swinging Strike
2-2: Strikes out swinging
Top of the 8th over - 0 runs, 1 hit, 0 errors, 2 left on base; Brevard County 3 - Clearwater 1
BOTTOM OF THE 8TH
Clearwater Threshers batting - Pitching for Brevard County Manatees : RHP Frank Davila
Pitching: LHP Dave Buskey
Now in LF: T.J. Ramer
Now in RF: Barrett Andrade
Batting: RHB John Pierce 0-0: Ball
1-0: Called Strike
1-1: Called Strike
1-2: Strikes out swinging
Batting: RHB Pete Arden 0-0: Swinging Strike
0-1: Ball
1-1: Ball
2-1: Ball
3-1: Base on Balls
Batting: LHB Isaiah Flagg 0-0: Ball
1-0: Called Strike
1-1: SINGLE (Flyball, 9LS, EV 89.4 MPH)
Pete Arden to second
Pinch Hitting: RHB John Alsup 0-0: Ball
1-0: Called Strike
1-1: Foul Ball, location: 5F
1-2: Strikes out swinging
Batting: RHB George Cantrelle 0-0: Called Strike
0-1: Ball
1-1: Foul Ball, location: 2F
1-2: Ball
2-2: Foul Ball, location: 9LMF
2-2: Foul Ball, location: 5FF
2-2: Foul Ball, location: 2LF
2-2: SINGLE (Groundball, 4MD, EV 106.9 MPH)
Pete Arden to third
Isaiah Flagg to second
Runner from 3rd tries for Home, SAFE, throw by CF to home
Pinch Hitting: RHB Ahmet Mripa 0-0: Swinging Strike
0-1: Fly out, F8 (Flyball, 8RD, EV 110.0 MPH)
Bottom of the 8th over - 1 run, 2 hits, 0 errors, 2 left on base; Brevard County 3 - Clearwater 2
TOP OF THE 9TH
Brevard County Manatees batting - Pitching for Clearwater Threshers : RHP Daniel Flores
Now in CF: Heliodoro Resendes
Now in RF: Bobby Avila
Batting: LHB Travis Konikowski 0-0: Ball
1-0: Ball
2-0: Ball
3-0: Called Strike
3-1: Fly out, F8 (Flyball, 8RD, EV 90.0 MPH)
Batting: SHB Mike Dominguez 0-0: Hit by Pitch
Batting: RHB T.J. Ramer 0-0: Foul Ball, location: 2F
0-1: Ball
1-1: Foul Ball, location: 2F
1-2: SINGLE (Flyball, 34D, EV 97.5 MPH)
Mike Dominguez to second
Pitching: LHP Juan Guzman
Batting: SHB Hector Fuentes 0-0: Called Strike
0-1: Foul Ball, location: 3SF
0-2: Foul Ball, location: 2F
0-2: Ball
1-2: SINGLE (Groundball, 6MD, EV 96.3 MPH)
Mike Dominguez to third
T.J. Ramer to second
Runner from 3rd tries for Home, SAFE, throw by CF to home
Batting: RHB Brian Monte 0-0: Swinging Strike
0-1: Fly out, F9 (Flyball, 9S, EV 98.8 MPH)
Batting: LHB Alex Montes de Oca 0-0: Ball
1-0: Ball
2-0: Called Strike
2-1: Ball
3-1: Base on Balls
T.J. Ramer to third
Hector Fuentes to second
Batting: RHB Diego Hinojosa 0-0: SINGLE (Line Drive, 89S, EV 101.9 MPH)
T.J. Ramer scores
Hector Fuentes to third
Alex Montes de Oca to second
Runner from 3rd tries for Home, SAFE, throw by RF to home
Batting: RHB David Jensen 0-0: Called Strike
0-1: Ball
1-1: Foul Ball, location: 7LSF
1-2: Ball
2-2: Fielders Choice at 2nd, 6-4 (Groundball, 4M, EV 84.4 MPH)
Top of the 9th over - 3 runs, 3 hits, 0 errors, 2 left on base; Brevard County 6 - Clearwater 2
BOTTOM OF THE 9TH
Clearwater Threshers batting - Pitching for Brevard County Manatees : LHP Dave Buskey
Batting: RHB Dan Williams 0-0: Ball
1-0: Ball
2-0: Ball
3-0: Called Strike
3-1: Foul Ball, location: 2LF
3-2: Strikes out swinging
Pinch Hitting: LHB Ruben Montanez 0-0: Called Strike
0-1: Ground out 4-3 (Groundball, 4M, EV 93.1 MPH)
Batting: RHB Juan Diaz 0-0: Swinging Strike
0-1: Ground out 6-3 (Groundball, 6, EV 110.0 MPH)
Bottom of the 9th over - 0 runs, 0 hits, 0 errors, 0 left on base; Brevard County 6 - Clearwater 2
Tuesday, April 9th , 2024 - OOTP Baseball 24.11 Build 85